 Dungeon Sprint DCSS version 0.31-a0-750-gfe7b580527 (webtiles) character file.

Game seed: 17505977254669904843

1313 rocky1 the Grappler (level 8, -5/74 HPs)
             Began as a Troll Shapeshifter on Sept 15, 2023.
             Was an Initiate of Gozag.
             Slain by a white ugly thing (13 damage)
             ... in the Dungeon (Sprint IX: "|||||||||||||||||||||||||||||").
             The game lasted 00:00:49 (268 turns).

rocky1 the Grappler (Troll Shapeshifter)             Turns: 268, Time: 00:00:49

Health: -5/74      AC:  6    Str: 23    XL:     8   Next: 32%
Magic:  7/7        EV: 13    Int:  6    God:    Gozag
Gold:   648        SH:  0    Dex: 11    Spells: 7/7 levels left

rFire   . .          .
                       - Unarmed
rCold   . . .        (no shield)
rNeg    . . .        a - +0 animal skin
rPois   .            (helmet currently unavailable)
rElec   .            (cloak currently unavailable)
rCorr   .            (gloves unavailable)
SInv    .            (boots unavailable)
Will    .....        (no amulet)
Stlth   +            n - +2 ring of protection
HPRegen 1.12/turn    o - +2 ring of evasion
MPRegen 0.10/turn

%: no teleportation
@: beast-form, invisible
A: beast (slay +4), large, unfitting armour, claws 3, regeneration 1, shaggy fur
1, tough skin 1
a: Begin Untransformation, Renounce Religion, Potion Petition, Call Merchant,
Bribe Branch


You were in the Dungeon.
You worshipped Gozag.
Gozag was pleased with you.
You were a hulking beast.
You visited 1 branch You collected 648 gold pieces.

Inventory:

Armour
 a - a +0 animal skin (worn)
Jewellery
 n - a +2 ring of protection (left claw)
 o - a +2 ring of evasion (right claw)
Talismans
 c - a beast talisman (active)
 d - a flux talisman
Wands
 m - a wand of roots (10)
Scrolls
 j - 2 scrolls of blinking
 l - 2 scrolls of amnesia
Potions
 b - a potion of lignification
 e - 5 potions of curing
 f - a potion of heal wounds
 g - a potion of haste
 h - 4 potions of magic


   Skills:
 + Level 2.6 Fighting
 + Level 5.1 Dodging
 + Level 12.8 Unarmed Combat
 + Level 11.4 Shapeshifting


You had 7 spell levels left.
You didn't know any spells.
Your spell library was empty.

Dungeon Overview and Level Annotations

Branches:
Dungeon (1/1)

Altars:
Cheibriados
Dithmenos
Elyvilon
Fedhas
Gozag
Hepliaklqana
Kikubaaqudgha
Makhleb
Nemelex Xobeh
Okawaru
Qazlal
Ru
Sif Muna
Trog
Uskayaw
Vehumet
Wu Jian
Xom
Yredelemnul
Zin
The Shining One
Jiyva
Lugonu


Innate Abilities, Weirdness & Mutations

You are a hulking beast.
Your limbs bulge with bestial killing power. (Slay +4)
You are too large for most types of armour.
You have claws for hands.
Your natural rate of healing is unusually fast.
You are covered in fur. (AC +1)
You have tough skin. (AC +1)


Message History

You feel yourself speed up.
You start waiting.
You recover from your berserk rage.
There is an open door to the Dungeon, spattered with blood here.
Things that are here:
a +0 giant spiked club; a +0 giant club
Things that are here:
a +0 short sword; a +0 plate armour As you open the door, it creaks loudly! 2 wraiths, a skeletal warrior, a slime creature, a basilisk and a white ugly thing come into view.
The basilisk hisses angrily.
The white ugly thing gurgles horribly!
The slime creature quivers.
Unknown command.
You fade into invisibility!
The white ugly thing pecks you! The white ugly thing freezes you!!
You claw the white ugly thing!
The white ugly thing is moderately wounded.
The shadow slips into darkness.
The shadow flickers and vanishes!
Deactivating autopickup; reactivate with Ctrl-A.
The white ugly thing pecks you! The white ugly thing freezes you!
* * * LOW HITPOINT WARNING * * *
You feel much better. The white ugly thing pecks you!
The white ugly thing freezes you!
* * * LOW HITPOINT WARNING * * *
Unknown command.
You feel much better. The white ugly thing barely misses you.
Unknown command.
You mangle the white ugly thing!!
The white ugly thing is heavily wounded.
You closely miss the white ugly thing.
The white ugly thing is heavily wounded.
The white ugly thing pecks you! The white ugly thing freezes you!!
* * * LOW HITPOINT WARNING * * *
Unknown command.
You claw the white ugly thing!
The white ugly thing is almost dead.
The white ugly thing pecks you!
You die...
Your body crumbles into a pile of gold. ▓▓▓▓▓▓▓▓▓▓▓▓▓▓▓▓▓▓▓▓▓▓▓▓ .WzlJ{uh...))'..[[[.)..' ▓▓▓▓▓▓▓▓▓▓▓▓▓▓▓▓▓▓▓▓▓▓▓▓

You could see a white ugly thing (unable to see you), a skeletal warrior (unable to see you), a slime creature (unable to see you), a basilisk (unable to see you) and a wraith.

Vanquished Creatures
  A two-headed ogre (D)
  A wraith (D)
  2 acid dragons (D)
  An orc warrior (D)
  An ice beast (D)
  A centaur (D)
  A killer bee (D)
  An orc priest (D)
  A hound (D)
  An endoplasm (D)
  3 goblins (D)
  A quokka (D)
  A kobold (D)
16 creatures vanquished.

Notes
Turn   | Place    | Note
-------+----------+-------------------------------------------
     0 | D        | rocky1 the Troll Shapeshifter began the quest for the Orb.
     0 | D        | Reached XP level 1. HP: 18/18 MP: 0/0
   121 | D        | Noticed a hound
   121 | D        | Noticed a centaur
   121 | D        | Noticed an ice beast
   121 | D        | Noticed an orc priest
   124 | D        | Killed an orc priest
   125 | D        | Reached skill level 1 in Fighting
   125 | D        | Reached skill level 5 in Unarmed Combat
   125 | D        | Reached skill level 5 in Shapeshifting
   125 | D        | Reached XP level 2. HP: 26/27 MP: 1/1
   125 | D        | Reached XP level 3. HP: 32/33 MP: 2/2
   127 | D        | Killed an ice beast
   128 | D        | Reached skill level 7 in Unarmed Combat
   128 | D        | Reached XP level 4. HP: 35/41 MP: 3/3
   131 | D        | Killed a centaur
   132 | D        | Reached skill level 8 in Unarmed Combat
   132 | D        | Reached XP level 5. HP: 35/48 MP: 4/4
   150 | D        | Found a snail-covered altar of Cheibriados.
   150 | D        | Found a shadowy altar of Dithmenos.
   150 | D        | Found a white marble altar of Elyvilon.
   150 | D        | Found a blossoming altar of Fedhas.
   150 | D        | Found an opulent altar of Gozag.
   151 | D        | Found a hazy altar of Hepliaklqana.
   152 | D        | Found a viscous altar of Jiyva.
   153 | D        | Found an ancient bone altar of Kikubaaqudgha.
   154 | D        | Found a corrupted altar of Lugonu.
   155 | D        | Found a burning altar of Makhleb.
   156 | D        | Found a sparkling altar of Nemelex Xobeh.
   157 | D        | Found an iron altar of Okawaru.
   158 | D        | Became a worshipper of Gozag Ym Sagoz the Greedy
   159 | D        | Found a stormy altar of Qazlal.
   160 | D        | Found a sacrificial altar of Ru.
   161 | D        | Found a shimmering blue altar of Sif Muna.
   162 | D        | Found a bloodstained altar of Trog.
   163 | D        | Found a hide-covered altar of Uskayaw.
   164 | D        | Found a radiant altar of Vehumet.
   165 | D        | Found an ornate altar of the Wu Jian Council.
   166 | D        | Found a shimmering altar of Xom.
   167 | D        | Found a basalt altar of Yredelemnul.
   168 | D        | Found a glowing silver altar of Zin.
   169 | D        | Found a glowing golden altar of the Shining One.
   195 | D        | Noticed an orc warrior
   195 | D        | Noticed an acid dragon
   195 | D        | Noticed a two-headed ogre
   195 | D        | Noticed an acid dragon
   195 | D        | Noticed a wraith
   198 | D        | Killed a wraith
   199 | D        | Reached skill level 9 in Unarmed Combat
   199 | D        | Reached XP level 6. HP: 57/57 MP: 5/5
   201 | D        | Killed an acid dragon
   202 | D        | Reached skill level 10 in Unarmed Combat
   204 | D        | Killed a two-headed ogre
   205 | D        | Reached skill level 12 in Unarmed Combat
   205 | D        | Reached XP level 7. HP: 66/66 MP: 6/6
   205 | D        | Reached XP level 8. HP: 74/74 MP: 7/7
   208 | D        | Reached skill level 5 in Dodging
   261 | D        | Noticed a skeletal warrior
   261 | D        | Noticed a slime creature
   261 | D        | Noticed a white ugly thing
   268 | D        | Slain by a white ugly thing

Illustrated notes

Levels and vault maps discovered:
D:        linesprint [early_d, line_temple, items_1, d_10, items_2, lair_1,
          lair_end, items_3, orc_1, orc_end, items_4, d_15, swamp_1, shoals_1,
          snake_1, spider_1, d_20, vaults_1, items_5, swamp_end, shoals_end,
          snake_end, spider_end, vaults_end, d_27, items_6, zot_1, zot_end,
          crypt_end, forest_end, elf_end, slime_end, tomb_end, abyss_end,
          pan_hell_end]

Skill      XL: |  1  2  3  4  5  6  7  8 |
---------------+-------------------------+-----
Fighting       | 1 2 |  2.6
Dodging        | 2 3 4 5 |  5.1
Unarmed Combat | 5 7 8 9 12 | 12.8
Shapeshifting  | 5 6 7 9 11 | 11.4

Action                     |  1- 3 |  4- 6 |  7- 9 || total
---------------------------+-------+-------+-------++-------
  Melee: Unarmed           |    17 |    14 |    13 ||    44
    Use: Potion            |       |     1 |     3 ||     4
 Armour: Animal skin       |     5 |    10 |    10 ||    25
  Dodge: Dodged            |     3 |     7 |     5 ||    15

Table legend: (Time is in decaauts)
 A = Elapsed time spent in this place.
 B = Non-inter-level travel time spent in this place.
 C = Inter-level travel time spent in this place.
 D = Time resting spent in this place.
 E = Time spent auto-exploring this place.
 F = Levels seen in this place.
 G = Mean time per level.
                   A        B        C        D        E       F      G
               +--------+--------+--------+--------+--------+-----+--------+
         Total |    271 |    271 |      0 |    147 |      0 |   1 |  271.0 |
       Dungeon |    271 |    271 |      0 |    147 |      0 |   1 |  271.0 |
               +--------+--------+--------+--------+--------+-----+--------+

Top non-repeatable levels by time:
       D: 271 daAuts
